PCL
MILE HIGH BRONCOS @ MEXICO CITY CERVECEROS
05/08/2028
 
TOP OF THE 1ST
Mile High Broncos batting - Pitching for Mexico City Cerveceros : RHP Clarence Allen
Pitching: RHP Clarence Allen
Batting: LHB Ernesto López 0-0: Called Strike
0-1: Ball
1-1: Fly out, F7 (Flyball, 7LMF)
Batting: RHB Evan Robinson 0-0: Called Strike
0-1: Called Strike
0-2: Ball
1-2: Ball
2-2: Ball
3-2: Fly out, F6 (Popup, 6)
Batting: LHB Dave Cook 0-0: Foul Ball, location: 2F
0-1: Ball
1-1: Foul Ball, location: 2F
1-2: SINGLE (Flyball, 7S)
Batting: RHB Jeff Packard 0-0: Ball
1-0: Ball
Wild Pitch!
Dave Cook to second
2-0: Foul Ball, location: 2F
2-1: Ground out 4-3 (Groundball, 4)
Top of the 1st over - 0 run(s), 1 hit(s), 0 error(s), 1 left on base; Mile High 0 - Mexico City 0
BOTTOM OF THE 1ST
Mexico City Cerveceros batting - Pitching for Mile High Broncos : RHP Hokusai Nakashima
Pitching: RHP Hokusai Nakashima
Batting: SHB Richard Bowman 0-0: Foul Ball, location: 2F
0-1: Reached via error on a dropped throw, E3
Batting: RHB Murai Ishihara 0-0: Fielders Choice at 2nd, 6-4 (Groundball, 6D)
Batting: RHB Hamilton Holbrook 0-0: Called Strike
0-1: Foul Ball, location: 2F
0-2: Ball
1-2: Foul Ball, location: 2F
1-2: Ground out 4-3 (Groundball, 34)
Murai Ishihara to second
Batting: RHB Luis Peña 0-0: Called Strike
0-1: Ball
1-1: Foul Ball, location: 2F
1-2: Ball
2-2: Strikes out swinging, 2-3 out at first.
Bottom of the 1st over - 0 run(s), 0 hit(s), 1 error(s), 1 left on base; Mile High 0 - Mexico City 0
TOP OF THE 2ND
Mile High Broncos batting - Pitching for Mexico City Cerveceros : RHP Clarence Allen
Batting: RHB Luis Alvarado 0-0: Called Strike
0-1: Ball
1-1: Called Strike
1-2: Strikes out looking
Batting: RHB António Martínez 0-0: Ball
1-0: Ball
2-0: Ball
3-0: Called Strike
3-1: Foul Ball, location: 2F
3-2: Foul Ball, location: 2F
3-2: SOLO HOME RUN (Flyball, 7D), Distance : 369 ft
Batting: RHB Edward Williams 0-0: Fly out, F8 (Flyball, 8LD)
Batting: RHB John Brown 0-0: Ball
1-0: Foul Ball, location: 2F
1-1: Swinging Strike
1-2: Ball
2-2: Strikes out swinging
Top of the 2nd over - 1 run(s), 1 hit(s), 0 error(s), 0 left on base; Mile High 1 - Mexico City 0
BOTTOM OF THE 2ND
Mexico City Cerveceros batting - Pitching for Mile High Broncos : RHP Hokusai Nakashima
Batting: LHB Gary Kern 0-0: Ball
1-0: Ball
2-0: Ball
3-0: Called Strike
3-1: SINGLE (Line Drive, 9S)
Batting: RHB Robinson Pacheco 0-0: Ball
1-0: Ball
2-0: Grounds into double play, 6-4-3 (Groundball, 6)
Batting: RHB Fernando Garza 0-0: Ball
1-0: Ground out 4-3 (Groundball, 4)
Bottom of the 2nd over - 0 run(s), 1 hit(s), 0 error(s), 0 left on base; Mile High 1 - Mexico City 0
TOP OF THE 3RD
Mile High Broncos batting - Pitching for Mexico City Cerveceros : RHP Clarence Allen
Batting: RHB Bo Vickers 0-0: Ball
1-0: Swinging Strike
1-1: SINGLE (Groundball, 56D)
Batting: LHB Ernesto López 0-0: Ball
1-0: Ball
2-0: DOUBLE (Line Drive, 89D)
Bo Vickers to third
Batting: RHB Evan Robinson 0-0: Ball
1-0: Ball
2-0: Called Strike
2-1: SINGLE (Groundball, 56D)
Bo Vickers scores
Ernesto López to third
Runner from 3rd tries for Home, SAFE, no throw
Batting: LHB Dave Cook 0-0: Ball
1-0: Foul Ball, location: 2F
1-1: Called Strike
1-2: Foul Ball, location: 2F
1-2: Ball
2-2: Foul Ball, location: 2F
2-2: Ball
3-2: Foul Ball, location: 2F
3-2: SINGLE (Line Drive, 34D)
Evan Robinson to second
Batting: RHB Jeff Packard 0-0: Fly out, F8 (Flyball, 8LM)
Batting: RHB Luis Alvarado 0-0: Ball
1-0: Called Strike
1-1: Ball
2-1: Fly out, F8 (Flyball, 89M)
Batting: RHB António Martínez 0-0: Ball
1-0: Ball
2-0: Fly out, F8 (Flyball, 8LM)
Top of the 3rd over - 2 run(s), 4 hit(s), 0 error(s), 2 left on base; Mile High 3 - Mexico City 0
BOTTOM OF THE 3RD
Mexico City Cerveceros batting - Pitching for Mile High Broncos : RHP Hokusai Nakashima
Batting: LHB Juan García 0-0: Ball
1-0: Ball
2-0: Ball
3-0: Called Strike
3-1: Base on Balls
Batting: LHB Don Soper 0-0: Ball
1-0: Foul Ball, location: 2F
1-1: Grounds into double play, 4-6-3 (Groundball, 4)
Batting: SHB Richard Bowman 0-0: Foul Ball, location: 2F
0-1: Ball
1-1: Ground out 5-3 (Groundball, 2L)
Bottom of the 3rd over - 0 run(s), 0 hit(s), 0 error(s), 0 left on base; Mile High 3 - Mexico City 0
TOP OF THE 4TH
Mile High Broncos batting - Pitching for Mexico City Cerveceros : RHP Clarence Allen
Batting: RHB Edward Williams 0-0: Foul Ball, location: 2F
0-1: Called Strike
0-2: SINGLE (Flyball, 89S)
Batting: RHB John Brown 0-0: Called Strike
0-1: Ball
1-1: Foul Ball, location: 2F
1-2: Ball
2-2: Ball
3-2: SINGLE (Flyball, 8RS)
Edward Williams to second
Batting: RHB Bo Vickers 0-0: Ball
1-0: Fly out, F8 (Flyball, 8LS)
Batting: LHB Ernesto López 0-0: Ball
1-0: Foul Ball, location: 2F
1-1: Ball
2-1: Ball
3-1: Base on Balls
Edward Williams to third
John Brown to second
Batting: RHB Evan Robinson 0-0: Ball
1-0: Ball
2-0: Fly out, F9 (Flyball, 9)
Throwing error, E9
Edward Williams scores
John Brown to third
Ernesto López to second
Batting: LHB Dave Cook 0-0: Foul Ball, location: 2F
0-1: Foul Ball, location: 2F
0-2: Ball
1-2: Ball
2-2: Ground out 6-3 (Groundball, 6)
Top of the 4th over - 1 run(s), 2 hit(s), 1 error(s), 2 left on base; Mile High 4 - Mexico City 0
BOTTOM OF THE 4TH
Mexico City Cerveceros batting - Pitching for Mile High Broncos : RHP Hokusai Nakashima
Batting: RHB Murai Ishihara 0-0: Foul Ball, location: 2F
0-1: Ball
1-1: Ball
2-1: Fly out, F4 (Line Drive, 4D)
Batting: RHB Hamilton Holbrook 0-0: Ball
1-0: Called Strike
1-1: Foul Ball, location: 2F
1-2: Foul Ball, location: 2F
1-2: Fly out, F7 (Flyball, 7D)
Batting: RHB Luis Peña 0-0: Ball
1-0: Called Strike
1-1: Ball
2-1: Ball
3-1: Foul Ball, location: 2F
3-2: Fly out, F5 (Line Drive, 56)
Bottom of the 4th over - 0 run(s), 0 hit(s), 0 error(s), 0 left on base; Mile High 4 - Mexico City 0
TOP OF THE 5TH
Mile High Broncos batting - Pitching for Mexico City Cerveceros : RHP Clarence Allen
Batting: RHB Jeff Packard 0-0: Foul Ball, location: 2F
0-1: Ball
1-1: Called Strike
1-2: SINGLE (Flyball, 9LM)
Batting: RHB Luis Alvarado 0-0: Called Strike
0-1: Grounds into double play, 6-4-3 (Groundball, 6)
Batting: RHB António Martínez 0-0: Called Strike
0-1: SOLO HOME RUN (Flyball, 7D), Distance : 363 ft
Batting: RHB Edward Williams 0-0: Called Strike
0-1: Foul Ball, location: 2F
0-2: Foul Ball, location: 2F
0-2: Ball
1-2: Strikes out swinging
Top of the 5th over - 1 run(s), 2 hit(s), 0 error(s), 0 left on base; Mile High 5 - Mexico City 0
BOTTOM OF THE 5TH
Mexico City Cerveceros batting - Pitching for Mile High Broncos : RHP Hokusai Nakashima
Batting: LHB Gary Kern 0-0: Called Strike
0-1: Ground out 4-3 (Groundball, 4MD)
Batting: RHB Robinson Pacheco 0-0: Ground out 1-3 (Groundball, 15S)
Batting: RHB Fernando Garza 0-0: Ball
1-0: Ground out 5-3 (Groundball, 56S)
Bottom of the 5th over - 0 run(s), 0 hit(s), 0 error(s), 0 left on base; Mile High 5 - Mexico City 0
TOP OF THE 6TH
Mile High Broncos batting - Pitching for Mexico City Cerveceros : RHP Clarence Allen
Pitching: LHP Daniel Draper
Batting: RHB John Brown 0-0: Foul Ball, location: 2F
0-1: SOLO HOME RUN (Flyball, 7D), Distance : 367 ft
Batting: RHB Bo Vickers 0-0: Fly out, F7 (Flyball, 78M)
Batting: LHB Ernesto López 0-0: Called Strike
0-1: Fly out, F9 (Line Drive, 9)
Batting: RHB Evan Robinson 0-0: Ball
1-0: Called Strike
1-1: Ball
2-1: Fly out, F7 (Flyball, 7D)
Top of the 6th over - 1 run(s), 1 hit(s), 0 error(s), 0 left on base; Mile High 6 - Mexico City 0
BOTTOM OF THE 6TH
Mexico City Cerveceros batting - Pitching for Mile High Broncos : RHP Hokusai Nakashima
Batting: LHB Juan García 0-0: Foul Ball, location: 2F
0-1: Ball
1-1: Fly out, F4 (Popup, 4M)
Batting: LHB Don Soper 0-0: Ball
1-0: Ball
2-0: Ground out 4-3 (Groundball, 34D)
Batting: SHB Richard Bowman 0-0: Fly out, F7 (Flyball, 7)
Bottom of the 6th over - 0 run(s), 0 hit(s), 0 error(s), 0 left on base; Mile High 6 - Mexico City 0
TOP OF THE 7TH
Mile High Broncos batting - Pitching for Mexico City Cerveceros : LHP Daniel Draper
Batting: LHB Dave Cook 0-0: Ball
1-0: SINGLE (Groundball, 56S) (infield hit)
Batting: RHB Jeff Packard 0-0: Ball
1-0: Called Strike
1-1: Called Strike
1-2: Foul Ball, location: 2F
1-2: Foul Ball, location: 2F
1-2: DOUBLE (Line Drive, 9LM)
Dave Cook to third
Batting: RHB Luis Alvarado 0-0: SINGLE (Line Drive, 8LS)
Dave Cook scores
Jeff Packard to third
Batting: RHB António Martínez 0-0: Swinging Strike
0-1: Fly out, F3 (Popup, 3L)
Batting: RHB Edward Williams 0-0: Ball
1-0: Ball
2-0: Ball
3-0: Base on Balls
Luis Alvarado to second
Batting: RHB John Brown 0-0: Ball
1-0: Fly out, F6 (Popup, 6)
Batting: RHB Bo Vickers 0-0: Ball
1-0: DOUBLE (Line Drive, 7LM)
Jeff Packard scores
Luis Alvarado scores
Edward Williams to third
Runner from 3rd tries for Home, SAFE, no throw
Pitching: LHP Albert Alonzo
Batting: LHB Ernesto López 0-0: Ball
1-0: Foul Ball, location: 2F
1-1: Ball
2-1: Foul Ball, location: 2F
2-2: Strikes out swinging
Top of the 7th over - 4 run(s), 4 hit(s), 0 error(s), 1 left on base; Mile High 10 - Mexico City 0
BOTTOM OF THE 7TH
Mexico City Cerveceros batting - Pitching for Mile High Broncos : RHP Hokusai Nakashima
Batting: RHB Murai Ishihara 0-0: Ball
1-0: SINGLE (Groundball, 34D)
Batting: RHB Hamilton Holbrook 0-0: Ball
1-0: Swinging Strike
1-1: Foul Ball, location: 2F
1-2: Strikes out swinging
Batting: RHB Luis Peña 0-0: Called Strike
0-1: SINGLE (Groundball, 6) (infield hit)
Murai Ishihara to second
Batting: LHB Gary Kern 0-0: Ball
1-0: Ball
2-0: Called Strike
2-1: Ball
3-1: SINGLE (Groundball, 6MD)
Murai Ishihara to third
Luis Peña to second
Runner from 3rd tries for Home, throw and OUT!
Luis Peña to third
Gary Kern to second
Batting: RHB Robinson Pacheco 0-0: Called Strike
0-1: Called Strike
0-2: Ball
1-2: Strikes out swinging
Bottom of the 7th over - 0 run(s), 3 hit(s), 0 error(s), 2 left on base; Mile High 10 - Mexico City 0
TOP OF THE 8TH
Mile High Broncos batting - Pitching for Mexico City Cerveceros : LHP Albert Alonzo
Batting: RHB Evan Robinson 0-0: Called Strike
0-1: Ball
1-1: Foul Ball, location: 2F
1-2: Foul Ball, location: 2F
1-2: Foul Ball, location: 2F
1-2: Foul Ball, location: 2F
1-2: Foul Ball, location: 2F
1-2: Strikes out looking
Batting: LHB Dave Cook 0-0: Swinging Strike
0-1: Ball
1-1: Ball
2-1: Ball
3-1: Foul Ball, location: 2F
3-2: Strikes out swinging
Batting: RHB Jeff Packard 0-0: Ball
1-0: Called Strike
1-1: Foul Ball, location: 2F
1-2: Ball
2-2: DOUBLE (Line Drive, 9LS)
Batting: RHB Luis Alvarado 0-0: Ball
1-0: Called Strike
1-1: Called Strike
1-2: Ball
2-2: SINGLE (Line Drive, 4MD)
Jeff Packard to third
Runner from 3rd tries for Home, SAFE, no throw
Batting: RHB António Martínez 0-0: Ball
1-0: Ball
2-0: Ball
3-0: Base on Balls
Luis Alvarado to second
Batting: RHB Edward Williams 0-0: Foul Ball, location: 2F
0-1: Ball
1-1: Foul Ball, location: 2F
1-2: Ball
2-2: Strikes out swinging
Top of the 8th over - 1 run(s), 2 hit(s), 0 error(s), 2 left on base; Mile High 11 - Mexico City 0
BOTTOM OF THE 8TH
Mexico City Cerveceros batting - Pitching for Mile High Broncos : RHP Hokusai Nakashima
Now at 1B: Mark Everett
Batting: RHB Fernando Garza 0-0: Ball
1-0: Called Strike
1-1: Ball
2-1: Swinging Strike
2-2: Ground out U3 (Groundball, 3L)
Pitching: LHP Jorge García
Batting: LHB Juan García 0-0: Ball
1-0: SOLO HOME RUN (Line Drive, 9D), Distance : 367 ft
Batting: LHB Don Soper 0-0: Foul Ball, location: 2F
0-1: SINGLE (Flyball, 89S)
Pitching: LHP Domingo Morales
Batting: SHB Richard Bowman 0-0: Ball
1-0: SINGLE (Groundball, 6MD)
Don Soper to second
Pinch Hitting: RHB Claudio Souza 0-0: Fly out, F9 (Flyball, 89D)
Runner from 2nd tags up, SAFE at 3rd, no throw
Batting: RHB Hamilton Holbrook 0-0: Swinging Strike
0-1: Ball
1-1: Swinging Strike
1-2: Foul Ball, location: 2F
1-2: Strikes out swinging
Bottom of the 8th over - 1 run(s), 3 hit(s), 0 error(s), 2 left on base; Mile High 11 - Mexico City 1
TOP OF THE 9TH
Mile High Broncos batting - Pitching for Mexico City Cerveceros : LHP Albert Alonzo
Now at 3B: Claudio Souza
Batting: RHB John Brown 0-0: Ball
1-0: Ball
2-0: Ball
3-0: Base on Balls
Batting: RHB Bo Vickers 0-0: Ball
1-0: Foul Ball, location: 2F
1-1: Foul Ball, location: 2F
1-2: Foul Ball, location: 2F
1-2: Ball
2-2: Ball
3-2: Foul Ball, location: 2F
3-2: Strikes out swinging
Batting: LHB Ernesto López 0-0: Ball
1-0: Ball
2-0: Swinging Strike
2-1: Ball
3-1: Foul Ball, location: 2F
3-2: Strikes out swinging
Batting: RHB Evan Robinson 0-0: Ball
1-0: Ball
2-0: Ball
3-0: Foul Ball, location: 2F
3-1: SINGLE (Groundball, 56D)
John Brown to second
Batting: LHB Dave Cook 0-0: Ball
1-0: Ball
2-0: Foul Ball, location: 2F
2-1: Swinging Strike
2-2: Ball
3-2: Base on Balls
John Brown to third
Evan Robinson to second
Pitching: LHP Columbo Briatori
Batting: RHB Jeff Packard 0-0: Ball
1-0: Called Strike
1-1: Called Strike
1-2: SINGLE (Groundball, 6MD)
John Brown scores
Evan Robinson to third
Dave Cook to second
Runner from 3rd tries for Home, SAFE, no throw
Batting: RHB Luis Alvarado 0-0: Ball
1-0: SINGLE (Line Drive, 56)
Dave Cook to third
Jeff Packard to second
Batting: LHB Mark Everett 0-0: Called Strike
0-1: Ball
1-1: Fielders Choice at 2nd, 4-6 (Groundball, 4)
Top of the 9th over - 2 run(s), 3 hit(s), 0 error(s), 2 left on base; Mile High 13 - Mexico City 1
BOTTOM OF THE 9TH
Mexico City Cerveceros batting - Pitching for Mile High Broncos : LHP Domingo Morales
Pinch Hitting: RHB Júlio López 0-0: SINGLE (Groundball, 34D)
Pitching: RHP David Bailey
Batting: LHB Gary Kern 0-0: Called Strike
0-1: Grounds into double play, 4-6-3 (Groundball, 4)
Batting: RHB Robinson Pacheco 0-0: Called Strike
0-1: Foul Ball, location: 2F
0-2: Ball
1-2: Foul Ball, location: 2F
1-2: Ball
2-2: Ball
3-2: Foul Ball, location: 2F
3-2: Foul Ball, location: 2F
3-2: Ground out 5-3 (Groundball, 56)
Bottom of the 9th over - 0 run(s), 1 hit(s), 0 error(s), 0 left on base; Mile High 13 - Mexico City 1
Tuesday, August 8th, 2017 - OOTP Baseball 17.12 Build 75